AoeStats
← gabogabo

Arabia

505658401Analyzed
1v1 RM · 23d ago on Sep 10, 2026· 34m 19s· 2 players
Game mode
Random Map
Map size
Tiny (2 player)
Population
200
Speed
Normal
Resources
Standard
Victory
Conquest
Starting age
Dark Age
Ending age
Imperial Age
RankedLock teamsTeams togetherTeam positionsShared explorationLock speedFull tech treeHidden civsTurbo modeCheats
Victory
Defeat
🇵🇪 Spanish · Peru
886
+14
🇧🇷 Britons · Brazil
848
-14
LucasOliveira98
4:50 Loom
9:11 Feudal Age
9:37 Double-Bit Axe
18:13 Padded Archer Armor
19:51 Fletching
19:53 Horse Collar
24:23 Castle Age
24:25 Gold Mining
24:29 Elite Skirmisher
gabogabo
11:18 Feudal Age
14:59 Castle Age
18:27 Loom
21:56 Wheelbarrow
22:31 Horse Collar
24:28 Gold Mining
34:07 Imperial Age
Connection lost

Rejoining the realm…

Still unreachable

The connection could not be restored.

Session expired

The server has moved on; the page needs a fresh start.